 Dungeon Crawl Stone Soup version 0.25.1-9-gc5326a611f (webtiles) character file.

Game seed: 10078942946966716990

844 KamiKatze the Shield-Bearer (level 8, -16/61 HPs)
             Began as a Formicid Fighter on Dec 30, 2020.
             Demolished by an ogre
             ... wielding a +0 giant club
              (18 damage)
             ... on level 9 of the Dungeon on Jan 4, 2021.
             The game lasted 00:23:47 (4325 turns).

KamiKatze the Shield-Bearer (Formicid Fighter)      Turns: 4325, Time: 00:23:48

Health: -16/61     AC:  7    Str: 22    XL:     8   Next: 20%
Magic:  8/8        EV:  9    Int: 11    God:
Gold:   265        SH: 10    Dex: 10    Spells: 7/7 levels left

rFire    . . .     SeeInvis +   e - +2 hand axe (vorpal)
rCold    . . .     Gourm    .   c - +0 kite shield
rNeg     . . .     Faith    .   b - +0 scale mail
rPois    .         Spirit   .   (helmet unavailable)
rElec    +         Reflect  .   (no cloak)
rCorr    .         Harm     .   (no gloves)
MR       .....                  (no boots)
Stlth    ..........             (no amulet)
HPRegen  0.20/turn              (no ring)
MPRegen  0.11/turn              (no ring)

@: mighty
A: permanent stasis, dig shafts and tunnels, four strong arms, antennae 3,
clever 1, electricity resistance
a: Dig, Shaft Self


You were on level 9 of the Dungeon.
You were not hungry.

You visited 1 branch of the dungeon, and saw 7 of its levels.

You collected 265 gold pieces.

Inventory:

Hand Weapons
 e - a +2 vorpal hand axe (weapon)
 y - a +0 short sword of venom
Missiles
 i - 73 stones
 l - 2 throwing nets (quivered)
 s - 5 javelins
 w - 6 boomerangs
Armour
 b - a +0 scale mail (worn)
 c - a +0 kite shield (worn)
 x - a +0 chain mail
Wands
 p - a wand of polymorph (4)
 u - a wand of acid (8)
Scrolls
 h - a scroll of identify
 k - 2 scrolls of remove curse
 m - a scroll of magic mapping
 o - 2 scrolls of teleportation {unknown}
 q - 3 scrolls of enchant weapon {unknown}
 r - a scroll of enchant armour {unknown}
Comestibles
 f - 4 rations


   Skills:
 + Level 4.8 Fighting
 * Level 5.0 Axes
 - Level 2.0 Throwing
 + Level 4.7 Armour
 - Level 2.0 Dodging
 * Level 6.6 Shields


You had 7 spell levels left.
You didn't know any spells.
Your spell library was empty.

Dungeon Overview and Level Annotations

Branches:
Dungeon (9/15)
 Temple: D:4-7         Lair: D:8-11         Orc: D:9-12

Altars:
Cheibriados
Makhleb
Ru
Xom

Annotations:
D:2 2 transporters
D:4 Grinder
D:5 Dowan
D:8 2 transporters, Maurice; lasso's ghost, novice MiFi


Innate Abilities, Weirdness & Mutations

You cannot be hasted, slowed, berserked, paralysed or teleported.
You can dig through walls and to a lower floor.
Your four strong arms can wield two-handed weapons with a shield.
You have a pair of large antennae on your head. (SInv)
Your mind is acute. (Int +2)
You are resistant to electric shocks. (rElec)


Message History

The worker ant is heavily wounded.
The worker ant closely misses you.
You barely miss the worker ant.
The worker ant is heavily wounded.
The worker ant bites you.
* * * LOW HITPOINT WARNING * * *
You hit the worker ant.
The worker ant is severely wounded.
You block the worker ant's attack.
Your shield and scale mail prevent you from hitting the worker ant.
The worker ant is severely wounded.
You block the worker ant's attack. The worker ant bites you.
* * * LOW HITPOINT WARNING * * *
You feel very mighty all of a sudden. You block the worker ant's attack.
You slash the worker ant!
You kill the worker ant!
Your Axes skill increases to level 5!
The ogre hits you with a +0 giant club!!
You die...

#..
...#########....
.......<.....O..
##........##...
#........#
########.# #.#
#O# #@# #.# {
#.# .#. .# #. ##
#. .# #


You could see an ogre.

Vanquished Creatures
  A hippogriff (D:8)
  Duvessa (D:5)
  An ogre (D:5)
  A crimson imp (D:5)
  2 hounds
  A jelly (D:8)
  3 orc wizards (D:5)
  4 worker ants
  A worker ant zombie (D:5)
  4 gnolls
  3 adders
  2 oozes
  2 adder skeletons (D:8)
  A worm (D:5)
  4 dart slugs (D:1)
  2 leopard geckos
  5 orcs (D:5)
  A giant cockroach (D:1)
  7 hobgoblins
  4 jackals (D:3)
  3 quokkas
  7 bats
  3 frilled lizards
  9 goblins
  7 kobolds
  6 rats
85 creatures vanquished.

Vanquished Creatures (others)
  6 toadstools (D:4)
6 creatures vanquished.

Grand Total: 91 creatures vanquished

Notes
Turn   | Place    | Note
-------+----------+-------------------------------------------
     0 | D:1      | KamiKatze the Formicid Fighter began the quest for the Orb.
     0 | D:1      | Reached XP level 1. HP: 18/18 MP: 1/1
   170 | D:1      | Reached XP level 2. HP: 18/24 MP: 2/2
   321 | D:1      | Reached XP level 3. HP: 18/29 MP: 3/3
   352 | D:1      | Reached skill level 1 in Throwing
   352 | D:1      | Reached skill level 4 in Shields
   468 | D:1      | Reached skill level 1 in Dodging
   772 | D:2      | Reached XP level 4. HP: 35/35 MP: 4/4
  1183 | D:2      | Found a burning altar of Makhleb.
  1191 | D:2      | Reached XP level 5. HP: 39/41 MP: 5/5
  1309 | D:2      | Found a transporter.
  1310 | D:2      | Noticed a phantom
  1312 | D:2      | Found a transporter.
  1322 | D:2      | Found a sacrificial altar of Ru.
  1933 | D:3      | Found a shimmering altar of Xom.
  2158 | D:4      | Noticed Grinder
  2284 | D:3      | Reached XP level 6. HP: 8/48 MP: 6/6
  2859 | D:4      | Noticed an ogre
  2889 | D:3      | Reached skill level 5 in Shields
  2933 | D:5      | Entered Level 5 of the Dungeon
  3081 | D:5      | Noticed an ogre
  3093 | D:5      | Killed an ogre
  3129 | D:5      | Reached XP level 7. HP: 20/54 MP: 7/7
  3457 | D:5      | Found a snail-covered altar of Cheibriados.
  3750 | D:5      | Noticed Duvessa
  3750 | D:5      | Noticed Dowan
  3812 | D:5      | Killed Duvessa
  3844 | D:5      | Reached skill level 6 in Shields
  3908 | D:5      | Gained mutation: Your mind is acute. (Int +2) [potion of
                  | mutation]
  3908 | D:5      | Gained mutation: You are resistant to electric shocks.
                  | (rElec) [potion of mutation]
  3911 | D:5      | You fall into a shaft and drop 3 floors!
  4186 | D:8      | Noticed a hippogriff
  4210 | D:8      | Killed a hippogriff
  4210 | D:8      | Reached XP level 8. HP: 28/61 MP: 8/8
  4228 | D:8      | Found a transporter.
  4228 | D:8      | Noticed lasso's ghost (novice MiFi)
  4230 | D:8      | Noticed a wyvern
  4230 | D:8      | Noticed a cyclops
  4254 | D:8      | Noticed Maurice
  4286 | D:8      | Found a transporter.
  4320 | D:9      | HP: 1/61 [worker ant (5)]
  4324 | D:9      | Reached skill level 5 in Axes
  4325 | D:9      | Demolished by an ogre

Illustrated notes

Levels and vault maps discovered:
D:1:      tarquinn_simple_flora_water_c, layout_loops_cross
D:2:      layout_basic, makhleb_blood_cavern_becter,
          gammafunk_temple_overflow_arena
D:3:      layout_basic, lemuel_coloured_pillars_altar, serial_aquarium,
          aquarium_bridge_square [aquarium_subvault_bridge,
          aquarium_subvault_bridge, aquarium_subvault_balcony,
          aquarium_subvault_window], aquarium_window_fake, aquarium_window_3,
          aquarium_view_2c, aquarium_view_2f
D:4:      layout_loops_ring, lemuel_round_altar, minmay_gold_behind_fungi,
          okawaru_metal_pillars_3, uniq_menkaure, uniq_grinder
D:5:      layout_loops_corners, nicolae_overflow_hidden_temple, first_ration,
          uniq_duvessa
D:8:      layout_cave_pools, gammafunk_ghost_arena, enter_bailey_2,
          grunt_livestock, uniq_maurice, uniq_psyche
D:9:      layout_loops_ring, nicolae_overflow_crystal_walls, tso_oasis_becter,
          lemuel_blue_sif_altar, gammafunk_ghost_arena, minivault_16,
          lemuel_flamethrower_2

Skill      XL: |  1  2  3  4  5  6  7  8 |
---------------+-------------------------+-----
Throwing       | 1 2 |  2.0
Shields        | 4 5 6 |  6.6
Dodging        | 1 2 |  2.0
Axes           | 3 4 5 |  5.0
Fighting       | 4 |  4.8
Armour         | 4 |  4.7

Action                   |  1- 3 |  4- 6 |  7- 9 || total
-------------------------+-------+-------+-------++-------
Melee: War axe           |    12 |       |       ||    12
       Hand axe          |    60 |   153 |    84 ||   297
Throw: Stone             |     1 |     8 |       ||     9
       Dart              |       |     3 |       ||     3
 Abil: Shaft Self        |       |       |     1 ||     1
Evoke: Wand              |       |       |     3 ||     3
  Use: Scroll            |       |     5 |       ||     5
       Potion            |       |       |     5 ||     5
  Eat: Chunk             |       |     7 |     3 ||    10
       Ration            |       |       |     1 ||     1
Armor: Scale mail        |    19 |    51 |    29 ||    99
Dodge: Dodged            |    22 |    54 |    27 ||   103
Block: Kite shield       |    34 |    66 |    43 ||   143
